 Dungeon Crawl Stone Soup version 0.21-a0-41-g5e91fef (webtiles) character file.

122 KristoblXynda the Vexing (level 4, 0/33 HPs)
             Began as a Draconian Enchanter on June 3, 2017.
             Slain by a ball python (1 damage)
             ... on level 2 of the Dungeon.
             The game lasted 00:05:17 (2782 turns).

KristoblXynda the Vexing (Draconian Enchanter)      Turns: 2782, Time: 00:05:18

Health: 0/33       AC:  7    Str: 15    XL:     4   Next: 78%
Magic:  5/8        EV:  9    Int: 17    God:
Gold:   76         SH:  0    Dex: 13    Spells: 2/8 levels left

rFire    . . .     SeeInvis .   a - +1 dagger
rCold    . . .     Gourm    .   (no shield)
rNeg     . . .     Faith    .   (armour unavailable)
rPois    .         Spirit   .   (helmet restricted)
rElec    .         Reflect  .   (no cloak)
rCorr    .         Harm     .   (no gloves)
MR       .....                  d - +1 pair of boots
Stlth    ++........             (no amulet)
Regen    0.2/turn               (no ring)
MPRegen  0.2/turn               (no ring)

@: mighty, constricted
A: unfitting armour, antennae 1, big wings, agile 1, cold-blooded, AC +5
a: Fly


You were on level 2 of the Dungeon.
You were not hungry.

You visited 1 branch of the dungeon, and saw 2 of its levels.

You collected 76 gold pieces.

Inventory:

Hand Weapons
 a - a +1 dagger (weapon)
 i - a +0 dagger of protection
Armour
 d - a +1 pair of boots (worn)
Scrolls
 f - a scroll of teleportation {unknown}
Potions
 e - a potion of agility
Books
 b - a book of Maledictions

   Spells                             Type                      Level
   a - Corona                         Hexes                        1
   b - Ensorcelled Hibernation        Hexes/Ice                    2
   c - Confuse                        Hexes                        3
   d - Tukima's Dance                 Hexes                        3
   e - Dazzling Spray                 Conjuration/Hexes            3
Comestibles
 c - 2 bread rations
 j - 6 chunks of flesh


   Skills:
 - Level 1.0 Short Blades
 - Level 1.7 Dodging
 + Level 3.7 Stealth
 + Level 2.9 Spellcasting
 + Level 3.8 Hexes


You had 2 spell levels left.
You knew the following spells:

 Your Spells              Type           Power        Failure   Level  Hunger
a - Corona                Hex            ###....      3%          1    None
b - Ensorcelled Hibernat  Hex/Ice        #.....       12%         2    ##.....
c - Confuse               Hex            ###.....     11%         3    ###....


Dungeon Overview and Level Annotations

Branches:
Dungeon (2/15)

Altars:
Cheibriados
Nemelex Xobeh

Annotations:
D:2 Robin


Innate Abilities, Weirdness & Mutations

Your plain brown scales are hard. (AC +5)
You cannot fit into any form of body armour.
You are cold-blooded and may be slowed by cold attacks.
You have a pair of small antennae on your head.
Your large and strong wings let you fly indefinitely.
You are agile. (Dex +2)


Message History

The goblin barely misses you.
Robin hits you with a spear of distortion.
Space warps horribly around you!
* * * LOW HITPOINT WARNING * * *
Unknown command.
It was a potion of mutation.
You feel extremely strange.
Your wings grow larger and stronger.
You feel agile. A pair of antennae grows on your head!
The bat hits you but does no damage. x2; The bat misses you.
The goblin barely misses you. The ball python closely misses you.
The ball python grabs you.
* * * LOW HITPOINT WARNING * * *
The ball python constricts you.
It was a potion of might.
You feel very mighty all of a sudden. The bat closely misses you.
Robin hits the bat with a spear of distortion!
The bat is killed!
The ball python closely misses you.
You die...

############# .#
##.....#.....#
.#
##.............
.#
#..............
.#
#..............
.#
#.....S@.g.....
.#
#.....g....>...
.#
#..............
.#
#...........(..
####
##.............
##P###
##.......#.....#
.'._⌠#
#..#############
.'._⌠# ##.##
###### #..#


You could see Robin (confused), a goblin and a ball python.

Vanquished Creatures
  Terence (D:2)
  An adder (D:2)
  2 oozes
  3 worms
  2 dart slugs
  6 bats
  14 giant cockroaches
  14 goblins
  4 hobgoblins
  6 kobolds
  A quokka (D:2)
  A ball python (D:1)
  3 frilled lizards
  3 rats (D:1)
61 creatures vanquished.

Notes
Turn   | Place    | Note
-------+----------+-------------------------------------------
     0 | D:1      | KristoblXynda the Draconian Enchanter began the quest for the Orb.
     0 | D:1      | Reached XP level 1. HP: 14/14 MP: 3/3
   223 | D:1      | Reached XP level 2. HP: 15/20 MP: 5/5
   300 | D:1      | Learned a level 2 spell: Ensorcelled Hibernation
  1360 | D:1      | Reached XP level 3. HP: 12/26 MP: 6/6
  1365 | D:1      | Learned a level 3 spell: Confuse
  1662 | D:2      | Noticed Terence
  1720 | D:2      | Killed Terence
  1995 | D:2      | Reached XP level 4. HP: 25/33 MP: 8/8
  2175 | D:2      | Found a sparkling altar of Nemelex Xobeh.
  2175 | D:2      | Found a snail-covered altar of Cheibriados.
  2670 | D:2      | Noticed Robin
  2781 | D:2      | Gained mutation: Your large and strong wings let you fly indefinitely. [potion of mutation]
  2781 | D:2      | Gained mutation: You are agile. (Dex +2) [potion of mutation]
  2781 | D:2      | Gained mutation: You have a pair of small antennae on your head. [potion of mutation]
  2781 | D:2      | HP: 1/33 [ball python (1)]
  2782 | D:2      | Slain by a ball python

Vault maps used:
D:1:      evilmike_arrival_run_for_it
D:2:      minmay_roachtagon, gammafunk_temple_overflow_wave, first_bread,
          uniq_robin, uniq_terence

Skill      XL: |  1  2 |
---------------+-------+-----
Hexes          | 3 |  3.8
Stealth        | 3 |  3.7
Short Blades   | |  1.0
Dodging        | |  1.7
Spellcasting   | |  2.9

Action                   |  1- 3 |  4- 6 || total
-------------------------+-------+-------++-------
Melee: Dagger            |   163 |   171 ||   334
       Tailslap          |    27 |    12 ||    39
 Cast: Confuse           |     2 |     2 ||     4
  Use: Potion            |     2 |     2 ||     4
       Scroll            |     2 |     1 ||     3
 Stab: Sleeping          |     6 |     2 ||     8
       Confused          |       |     1 ||     1
  Eat: Chunk             |     2 |     3 ||     5
       Royal jelly       |     1 |       ||     1
Armor: Skin              |    44 |    81 ||   125
Dodge: Dodged            |    99 |   134 ||   233
